AoeStats
← Cinnamoroll

African Clearing

506546623Analyzed
4v4 RM · 18d ago on Sep 14, 2026· 33m 54s· 8 players
Game mode
Random Map
Map size
Large (8 player)
Population
200
Speed
Normal
Resources
Standard
Victory
Conquest
Starting age
Dark Age
Ending age
Imperial Age
RankedLock teamsTeams togetherTeam positionsShared explorationLock speedFull tech treeHidden civsTurbo modeCheats
Victory
Defeat
🇦🇷 Jurchens · Argentina
1613
+10
🇦🇷 Japanese · Argentina
1479
+16
🇨🇱 Mapuche · Chile
1473
+16
🇲🇽 Vietnamese · Mexico
1424
+18
🇹🇼 Malay · Taiwan
1541
-18
🇨🇦 Spanish · Canada
1522
-17
🇧🇷 Persians · Brazil
1454
-14
🇨🇳 Huns · China
1386
-11
Cinnamoroll
7:12 Loom
TmZ_Mosquito Sedutor
4:36 Loom
18:52 Feudal Age
19:29 Town Watch
19:54 Double-Bit Axe
20:01 Horse Collar
22:48 Wheelbarrow
24:02 Bloodlines
25:12 Scale Barding Armor
26:39 Forging
Whale
13:03 Feudal Age
11:30 Loom
15:07 Feudal Age
18:13 Castle Age
16:41 Double-Bit Axe
18:04 Bow Saw
20:26 Fishing Lines
22:15 Gillnets
26:36 Fletching
26:48 Crossbowman
30:56 Wheelbarrow
33:03 Wheelbarrow
D哥
6:24 Loom
16:31 Feudal Age
17:50 Double-Bit Axe
20:16 Castle Age
18:16 Gold Mining
19:39 Scale Barding Armor
21:19 Bow Saw
23:16 Chain Barding Armor
24:56 Horse Collar
27:24 Fishing Lines
29:56 Bloodlines
31:01 Gold Shaft Mining
30:50 Husbandry
34:31 Wheelbarrow
le Alexis Á
6:10 Loom
13:17 Feudal Age
18:26 Castle Age
16:44 Double-Bit Axe
17:41 Gold Mining
18:54 Fletching
le ignacio
6:02 Loom
13:04 Feudal Age
14:04 Town Watch
21:46 Castle Age
19:54 Double-Bit Axe
19:53 Horse Collar
20:41 Town Watch
21:57 Fletching
22:50 Bodkin Arrow
23:27 Padded Archer Armor
24:51 Husbandry
25:35 Bloodlines
28:50 Leather Archer Armor
30:31 Ballistics
34:31 Thumb Ring
le TheMaxi
3:18 Loom
12:03 Feudal Age
17:40 Double-Bit Axe
19:51 Horse Collar
25:48 Castle Age
26:09 Fletching
26:55 Bodkin Arrow
28:23 Bow Saw
28:37 Gold Mining
31:49 Padded Archer Armor
34:44 Ballistics
El Kb
3:25 Loom
12:22 Feudal Age
12:57 Double-Bit Axe
19:30 Horse Collar
23:45 Castle Age
22:28 Forging
Connection lost

Rejoining the realm…

Still unreachable

The connection could not be restored.

Session expired

The server has moved on; the page needs a fresh start.